 Dungeon Crawl Stone Soup version 0.28.0-43-g3370ac3207 (webtiles) character file.

Game seed: 10566616542175237594

10567 thriggle the Frost Mage (level 11, -6/83 HPs)
             Began as a Barachi Ice Elementalist on Mar 31, 2022.
             Was an Initiate of Gozag.
             Mangled by a yak (12 damage)
             ... on level 10 of the Dungeon.
             The game lasted 01:19:24 (13549 turns).

thriggle the Frost Mage (Barachi Ice Elementalist) Turns: 13549, Time: 01:19:25

Health: -6/83      AC: 10    Str: 19    XL:     11   Next: 64%
Magic:  19/20      EV: 18    Int: 17    God:    Gozag
Gold:   1118       SH:  0    Dex: 12    Spells: 3/22 levels left

rFire   + + .      SeeInvis .   L - +2 dagger (flame)
rCold   . . .      Faith    .   (no shield)
rNeg    . . .      Spirit   .   t - +2 robe {rC+}
rPois   +          Reflect  .   x - +1 helmet
rElec   .          Harm     .   z - +1 cloak of Starlight {*Dazzle EV+4 Stlth--}
rCorr   +          Rampage  .   (no gloves)
Will    .....                   u - +0 pair of boots of the King of the Hill {rPois rF++ rC- rCorr}
Stlth   ..........              (no amulet)
HPRegen 0.23/turn               m - +6 ring of strength
MPRegen 0.17/turn               (no ring)

@: unable to hop, slow
A: amphibious, slowness 1, strong legs 1, +LOS
a: Hop, Renounce Religion, Potion Petition, Call Merchant, Bribe Branch


You were on level 10 of the Dungeon.
You worshipped Gozag.
Gozag was most pleased with you.
You visited 2 branches of the dungeon, and saw 12 of its levels.

You collected 2171 gold pieces.
You spent 989 gold pieces at shops.
You paid 64 gold pieces to Gozag.

Inventory:

Hand Weapons
 h - a +2 whip of holy wrath
 k - a +1 great sword
 p - a +2 dagger of venom
 q - a +0 falchion
 y - a +3 short sword of venom
 A - a +5 dagger
 C - a +3 quarterstaff of chaos
 G - a +2 dagger of freezing
 L - a +2 dagger of flaming (weapon)
 M - a +1 short sword of protection
Missiles
 c - 33 poisoned darts
 d - 256 stones
 g - a boomerang of dispersal
 j - 5 javelins
 s - 4 boomerangs
Armour
 t - a +2 robe of cold resistance (worn)
 u - the +0 pair of boots of the King of the Hill (worn) {rPois rF++ rC- rCorr}
   (You bought it in a shop on level 4 of the Dungeon)

   rF:        It greatly protects you from fire.
   rC:        It makes you vulnerable to cold.
   rPois:     It protects you from poison.
   rCorr:     It protects you from acid and corrosion.
 v - a +0 leather armour
 x - a +1 helmet (worn)
 z - the +1 cloak of Starlight (worn) {*Dazzle EV+4 Stlth--}
   (You bought it in a shop on level 7 of the Dungeon)

   It may blind those who miss an attack against the wearer in melee combat.
   EV:        It affects your evasion (+4).
   Stlth:     It makes you much less stealthy.
 B - a +0 cloak
 F - a +0 tower shield
 J - +0 acid dragon scales
 N - a +2 leather armour of willpower
Jewellery
 m - a +6 ring of strength (left hand)
Wands
 a - a wand of paralysis (13)
 b - a wand of flame (39)
 w - a wand of mindburst (5)
 I - a wand of digging (6)
Scrolls
 e - 7 scrolls of teleportation
 l - 2 scrolls of fear
 o - 2 scrolls of enchant weapon
 r - a scroll of noise
 D - a scroll of silence
 E - 2 scrolls of fog
 O - 2 scrolls of immolation
Potions
 f - a potion of resistance
 n - a potion of brilliance
 H - 2 potions of heal wounds
Miscellaneous
 i - a piece from Xom's chessboard (14/15)


   Skills:
 + Level 6.6 Fighting
 + Level 5.6(5.8) Short Blades
 - Level 2.1(4.4) Long Blades
 - Level 1.0 Maces & Flails
 + Level 5.2 Throwing
 + Level 6.7 Armour
 + Level 6.6 Dodging
 - Level 4.3 Stealth
 - Level 4.0 Shields
 + Level 6.1 Spellcasting
 + Level 5.5 Conjurations
 - Level 3.5 Fire Magic
 + Level 8.6 Ice Magic
 + Level 5.5 Evocations


You had 3 spell levels left.
You knew the following spells:

 Your Spells              Type           Power      Damage    Failure   Level
a - Freeze                Ice            100%       1d11      1%          1
b - Ozocubu's Armour      Ice            34%        N/A       1%          3
c - Frozen Ramparts       Ice            68%        1d8       1%          3
d - Hailstorm             Conj/Ice       29%        3d8       7%          4
e - Foxfire               Conj/Fire      80%        2x1d8     1%          1
f - Ozocubu's Refrigerat  Ice            17%        4d8       97%         7

Your spell library contained the following spells:

 Spells                   Type           Power      Damage    Failure   Level
 Shock                    Conj/Air       56%        1d6       4%          1
 Conjure Flame            Conj/Fire      20%        6-21      6%          3
 Inner Flame              Hex/Fire       11%        N/A       19%         3
 Swiftness                Air            5%         N/A       36%         3
 Flame Wave               Conj/Fire      20%        2d7       19%         4
 Airstrike                Air            2%         N/A       77%         4


Dungeon Overview and Level Annotations

Branches:
Dungeon (11/15)            Temple (1/1) D:5            Lair (0/6) D:9
    Orc: D:9-12

Altars:
Ashenzari
Cheibriados
Dithmenos
Elyvilon
Fedhas
Gozag
Hepliaklqana
Kikubaaqudgha
Makhleb
Nemelex Xobeh
Okawaru
Ru
Vehumet
Wu Jian
Xom
Yredelemnul
Zin
The Shining One

Shops:
D:4 [   D:7 [


Innate Abilities, Weirdness & Mutations

You are amphibious.
You cover ground slowly.
You can hop short distances.
You have an extended range of vision and can be seen from far away.


Message History

There's a creature in the doorway!
Your +3 short sword of venom stops dripping with poison.
Your +2 dagger of flaming bursts into flame!
L - a +2 dagger of flaming (weapon)
Casting: Hailstorm (dangerous; 7% risk of failure)
Confirm with . or Enter, or press ? or * to list all spells.
Casting: Frozen Ramparts (safe; 1% risk of failure)
Press: ? - help, Dir - look around, f - activate
Okay, then.
Casting: Frozen Ramparts (safe; 1% risk of failure)
Confirm with . or Enter, or press ? or * to list all spells.
A film of ice covers your body!
The freezing wraith hits you but does no damage. x2
You barely miss the freezing wraith. The freezing wraith barely misses you.
The freezing wraith hits you but does no damage.
You make a move on Xom's chessboard...
The seven-headed hydra seems to speed up.
The freezing wraith barely misses you. x2
You hit the freezing wraith. You burn the freezing wraith.
The freezing wraith is lightly damaged.
The freezing wraith hits you. The freezing wraith freezes you!!
The freezing wraith misses you.
As you read the scroll labelled LOTUZ ACZAU, it crumbles to dust.
The creatures around you are filled with an inner flame!
It was a scroll of immolation.
The freezing wraith hits you.
* * * LOW HITPOINT WARNING * * *
The freezing wraith freezes you!!
* * * LOW HITPOINT WARNING * * *
The freezing wraith barely misses you.
Blink to where?
Press: ? - help, Dir - move target Your icy armour will break if you move.
Continue?
Your icy armour cracks and falls away as you move.
As you read the scroll of blinking, it crumbles to dust.
There is a stone staircase leading down here.
You climb downwards.
The yak bellows!
You hear a bellow!
The yak gores you!
You die...
Your body crumbles into a pile of gold.

# #..# # #..# # #..# ###+###..#
.. ........># #.# #######..#
#.# #..# #Y# #..##########
#Y#### #.........@.# #....#
#........Y..# #(...#
#######...........# #.(..#
..................#####+##....#
..................Y...Y.Y.....#
..#'###.......................#
..#...#.......................#
..#...#.......................#
..#...#.......................#


You could see 2 yaks.

Vanquished Creatures
  A hydra (D:11)
  3 two-headed ogres
  Maurice (D:8)
  Joseph (D:8)
  Maggie (D:8)
  An unseen horror (D:10)
  3 trolls
  A slime creature (D:7)
  A yak (D:10)
  A basilisk (D:9)
  A steam dragon (D:8)
  Grum (D:8)
  3 wargs
  2 acid dragons (D:9)
  2 water moccasins
  A hornet zombie (D:7)
  An ice beast (D:7)
  4 orc warriors
  2 sky beasts
  A necrophage (D:8)
  2 wolves (D:8)
  A black bear (D:5)
  3 centaurs
  4 ogres
  A phantom (D:7)
  4 kobold brigands
  7 bullfrogs
  A wyvern zombie (D:7)
  3 scorpions
  A water moccasin zombie (D:6)
  A wyvern skeleton (D:7)
  2 killer bees (D:9)
  11 wights
  A howler monkey (D:7)
  5 centaur zombies
  3 jellies
  Crazy Yiuf (D:4)
  5 orc priests
  A gnoll shaman (D:5)
  4 hounds
  3 centaur skeletons
  3 iguanas
  17 orc wizards
  2 hound skeletons (D:4)
  3 howler monkey zombies
  8 gnolls
  11 adders
  A shadow imp (D:6)
  3 white imps
  An ufetubus (D:6)
  An adder zombie (D:4)
  An adder skeleton (D:4)
  2 worms
  A dart slug (D:1)
  41 orcs
  7 ball pythons
  6 endoplasms
  3 giant cockroaches
  6 goblins
  5 hobgoblins
  8 jackals
  22 kobolds
  2 quokkas
  3 bats
  6 frilled lizards
  A jackal zombie (D:4)
  A quokka skeleton (D:4)
  3 rats
264 creatures vanquished.

Vanquished Creatures (others)
  12 foxfires
  10 plants
  3 withered plants (D:4)
25 creatures vanquished.

Grand Total: 289 creatures vanquished

Notes
Turn   | Place    | Note
-------+----------+-------------------------------------------
     0 | D:1      | thriggle the Barachi Ice Elementalist began the quest for
                  | the Orb.
     0 | D:1      | Reached XP level 1. HP: 13/13 MP: 3/3
   162 | D:1      | Reached XP level 2. HP: 14/20 MP: 1/5
   337 | D:1      | Reached skill level 5 in Ice Magic
   654 | D:1      | Reached skill level 1 in Fighting
   654 | D:1      | Reached XP level 3. HP: 24/26 MP: 3/6
  1030 | D:1      | Learned a level 3 spell: Ozocubu's Armour
  1416 | D:2      | Learned a level 3 spell: Frozen Ramparts
  1461 | D:2      | Reached XP level 4. HP: 25/32 MP: 5/7
  2181 | D:3      | Reached skill level 1 in Armour
  2409 | D:3      | Reached skill level 1 in Throwing
  2752 | D:3      | Reached skill level 1 in Short Blades
  3025 | D:3      | Reached XP level 5. HP: 36/37 MP: 7/9
  3231 | D:4      | Reached XP level 6. HP: 35/44 MP: 4/10
  3424 | D:4      | Found Pixupn's Armour Shop.
  4005 | D:4      | Reached XP level 7. HP: 43/51 MP: 4/11
  4010 | D:4      | Reached skill level 1 in Evocations
  4291 | D:4      | Found a runed translucent door.
  4292 | D:4      | Noticed Crazy Yiuf
  4409 | D:4      | Killed Crazy Yiuf
  4558 | D:5      | Entered Level 5 of the Dungeon
  4564 | D:5      | Reached skill level 1 in Conjurations
  4571 | D:4      | Learned a level 4 spell: Hailstorm
  4676 | D:5      | Found a staircase to the Ecumenical Temple.
  4686 | Temple   | Entered the Ecumenical Temple
  4743 | Temple   | Became a worshipper of Gozag Ym Sagoz the Greedy
  4767 | D:5      | Reached skill level 6 in Ice Magic
  4768 | D:5      | Reached XP level 8. HP: 43/58 MP: 7/13
  5396 | D:5      | Found a white marble altar of Elyvilon.
  5427 | D:5      | Found a glowing silver altar of Zin.
  6310 | D:6      | Learned a level 1 spell: Foxfire
  6696 | D:6      | Reached skill level 1 in Shields
  6696 | D:6      | Reached XP level 9. HP: 59/65 MP: 10/15
  7614 | D:7      | Reached skill level 1 in Fire Magic
  7820 | D:7      | Found Ivufeol's Armour Emporium.
  7835 | D:7      | Bought the +1 cloak of Starlight {*Dazzle EV+4 Stlth--} for
                  | 396 gold pieces
  7835 | D:7      | Found the +1 cloak of Starlight {*Dazzle EV+4 Stlth--}
  8226 | D:7      | Reached skill level 7 in Ice Magic
  8425 | D:7      | Reached skill level 1 in Maces & Flails
  8425 | D:7      | Reached skill level 5 in Dodging
  8807 | D:7      | Reached skill level 5 in Fighting
  8842 | D:7      | Reached XP level 10. HP: 27/74 MP: 12/17
  9054 | D:7      | Noticed a two-headed ogre
  9066 | D:7      | Killed a two-headed ogre
  9067 | D:7      | Reached skill level 1 in Long Blades
  9067 | D:7      | Reached skill level 5 in Armour
  9067 | D:7      | Reached skill level 5 in Spellcasting
  9408 | D:7      | Found a glowing golden altar of the Shining One.
  9549 | D:7      | Found an ancient bone altar of Kikubaaqudgha.
  9550 | D:7      | Found a sparkling altar of Nemelex Xobeh.
  9763 | D:8      | Noticed Grum
  9854 | D:4      | Bought a +2 robe of cold resistance for 212 gold pieces
  9854 | D:4      | Bought the +0 pair of boots of the King of the Hill {rPois
                  | rF++ rC- rCorr} for 381 gold pieces
 10084 | D:8      | Noticed Joseph
 10213 | D:8      | Noticed Maurice
 10503 | D:8      | Killed Joseph
 10772 | D:8      | Killed Maurice
 10784 | D:8      | Killed Grum
 11047 | D:8      | Noticed Maggie
 11047 | D:8      | Paralysed by Maggie for 5 turns
 11060 | D:8      | Paralysed by Maggie for 5 turns
 11071 | D:8      | Killed Maggie
 11072 | D:8      | Reached skill level 8 in Ice Magic
 11080 | D:8      | Learned a level 7 spell: Ozocubu's Refrigeration
 11819 | D:9      | Reached XP level 11. HP: 79/81 MP: 19/19
 12072 | D:9      | Noticed a two-headed ogre
 12079 | D:9      | Reached skill level 5 in Short Blades
 12085 | D:9      | Killed a two-headed ogre
 12086 | D:9      | Reached skill level 5 in Conjurations
 12086 | D:9      | Reached skill level 5 in Evocations
 12184 | D:9      | You fall into a shaft and drop 2 floors!
 12197 | D:11     | Noticed a four-headed hydra
 12209 | D:11     | Killed a four-headed hydra
 12382 | D:10     | Entered Level 10 of the Dungeon
 12550 | D:10     | Reached skill level 5 in Throwing
 12877 | D:9      | Found a staircase to the Lair.
 13090 | D:9      | Noticed a two-headed ogre
 13099 | D:9      | Killed a two-headed ogre
 13509 | D:9      | Noticed a white ugly thing
 13509 | D:9      | Noticed a seven-headed hydra
 13540 | D:9      | HP: 3/83 [freezing wraith (21)]
 13549 | D:10     | Mangled by a yak

Illustrated notes

Levels and vault maps discovered:
D:1:      dpeg_arrival_tiny_i, layout_basic, minmay_misc_feat_alley,
          minmay_tetromino_s2
D:2:      layout_basic
D:3:      layout_basic
D:4:      layout_loops_cross, serial_undead, serial_undead_f, serial_undead_b,
          serial_undead_d, serial_undead_b, serial_shops,
          nicolae_shop_hallway_plus, uniq_crazy_yiuf_cottage
D:5:      layout_loops_ring, nicolae_elyvilon_temple_path, zin_academy,
          minmay_temple_entry_arrows
D:6:      layout_cave_pools
D:7:      minmay_polygon_palace, layout_rooms, mainiacjoe_overflow_boulevard,
          mainiacjoe_overflow_divided_tiny, serial_shops, shop,
          minmay_fractal_squares_gapless_5
D:8:      layout_cave_pools, minmay_misc_feat_encased, uniq_grum, uniq_maggie,
          uniq_maurice, uniq_joseph
D:9:      minmay_the_grid_plus_closed [minmay_the_grid_stretched_grid,
          minmay_the_grid_slots, minmay_the_grid_minigrid_large,
          minmay_the_grid_odd_star, minmay_the_grid_prize_inner_circle],
          layout_layer_cave, erik_lair_orcish_takeover,
          amcnicky_mini_pool_medium
D:10:     layout_irregular_city, chequers_temple_overflow_minitemple
D:11:     layout_roguey
Temple:   cyrus_circular_temple

Skill      XL: |  1  2  3  4  5  6  7  8  9 10 11 |
---------------+----------------------------------+-----
Stealth        | 2 3 4 |  4.3
Ice Magic      | 5 6 7 8 |  8.6
Fighting       | 1 2 3 4 5 6 |  6.6
Armour         | 1 2 3 4 5 6 |  6.7
Throwing       | 1 2 3 4 5 |  5.2
Short Blades   | 1 2 3 4 5 |  5.6
Dodging        | 3 4 5 6 |  6.6
Spellcasting   | 3 4 5 6 |  6.1
Evocations     | 1 2 3 4 5 |  5.5
Conjurations   | 1 2 3 4 5 |  5.5
Shields        | 1 2 3 4 |  4.0
Fire Magic     | 2 3 |  3.5
Maces & Flails | 1 |  1.0
Long Blades    | 2 |  2.1

Action                   |  1- 3 |  4- 6 |  7- 9 | 10-12 || total
-------------------------+-------+-------+-------+-------++-------
Melee: Club              |     4 |       |       |       ||     4
       Whip              |     9 |    18 |   136 |    24 ||   187
       Dagger            |     1 |    87 |    19 |    25 ||   132
       Punch             |     1 |     2 |     7 |     5 ||    15
       Short sword       |       |       |   174 |   213 ||   387
       Great sword       |       |       |     6 |     8 ||    14
Throw: Stone             |    18 |    10 |    34 |     3 ||    65
       Dart              |       |     1 |    24 |    11 ||    36
       Javelin           |       |       |     7 |       ||     7
       Boomerang         |       |       |     4 |     8 ||    12
       Throwing net      |       |       |     1 |       ||     1
 Cast: Freeze            |    45 |    20 |    10 |       ||    75
       Frozen Ramparts   |     1 |     5 |    22 |    28 ||    56
       Ozocubu's Armour  |       |     5 |    19 |    25 ||    49
       Foxfire           |       |       |     6 |     1 ||     7
       Hailstorm         |       |       |     2 |    12 ||    14
 Abil: Hop               |     1 |     2 |     2 |     4 ||     9
Evoke: Wand              |       |       |     4 |     3 ||     7
       Piece from Xom's  |       |       |       |     1 ||     1
  Use: Scroll            |     1 |     2 |    12 |     7 ||    22
       Potion            |       |       |     6 |     3 ||     9
 Stab: Sleeping          |     1 |     3 |     2 |       ||     6
       Invisible         |       |       |     4 |     7 ||    11
       Paralysed         |       |       |     4 |       ||     4
       Distracted        |       |       |       |     1 ||     1
Armor: Robe              |     4 |    23 |       |    89 ||   116
       Leather armour    |       |     8 |   124 |     9 ||   141
Dodge: Dodged            |    31 |    65 |   240 |   267 ||   603
